PIO (24 & UNDER)
CHULA VISTA TACOS @ SALEM SLEDGEHAMMERS
05/09/2023
 
TOP OF THE 1ST
Chula Vista Tacos batting - Pitching for Salem Sledgehammers : RHP José López
Pitching: RHP José López
Batting: SHB Brian Price 0-0: Ball
1-0: Ball
2-0: Foul Ball, location: 2F
2-1: Ground out 1-3 (Groundball, 15S)
Batting: SHB Adrián Nieto 0-0: Called Strike
0-1: Ground out 6-3 (Groundball, 6)
Batting: LHB Mario Olivares 0-0: Called Strike
0-1: Ball
1-1: Ball
2-1: Ball
3-1: Called Strike
3-2: Foul Ball, location: 2F
3-2: Strikes out swinging
Top of the 1st over - 0 run(s), 0 hit(s), 0 error(s), 0 left on base; Chula Vista 0 - Salem 0
BOTTOM OF THE 1ST
Salem Sledgehammers batting - Pitching for Chula Vista Tacos : RHP Enrique Sánchez
Pitching: RHP Enrique Sánchez
Batting: RHB William Richardson 0-0: Swinging Strike
0-1: Ball
1-1: Called Strike
1-2: Ground out 5-3 (Groundball, 5S)
Batting: RHB Brandon Pope 0-0: Called Strike
0-1: DOUBLE (Line Drive, 8LXD)
Batting: SHB Lee Townsend 0-0: Ball
Brandon Pope steals 3rd base
1-0: Ball
2-0: Called Strike
2-1: DOUBLE (Line Drive, 8RS)
Brandon Pope scores
Batting: RHB Earnest Finnegan 0-0: Called Strike
0-1: Foul Ball, location: 2F
0-2: Foul Ball, location: 2F
0-2: Ball
1-2: Ball
2-2: Fly out, F8 (Popup, 4MD)
Batting: SHB Pepe Pińa 0-0: Ball
1-0: Called Strike
1-1: Ball
2-1: Ball
3-1: Swinging Strike
3-2: Strikes out swinging
Bottom of the 1st over - 1 run(s), 2 hit(s), 0 error(s), 1 left on base; Chula Vista 0 - Salem 1
TOP OF THE 2ND
Chula Vista Tacos batting - Pitching for Salem Sledgehammers : RHP José López
Batting: RHB Scott Green 0-0: Ball
1-0: SOLO HOME RUN (Flyball, 7D), Distance : 401 ft
Batting: RHB Doug Brown 0-0: Ground out 6-3 (Groundball, 6)
Batting: RHB Tony Burns 0-0: Called Strike
0-1: SINGLE (Groundball, 56D)
Batting: LHB José Torres 0-0: Called Strike
0-1: Ball
1-1: Ball
2-1: Foul Ball, location: 2F
2-2: Ball
3-2: Fly out, F3 (Popup, 3F)
Batting: RHB Luis Martínez 0-0: Ground out 6-3 (Groundball, 6)
Top of the 2nd over - 1 run(s), 2 hit(s), 0 error(s), 1 left on base; Chula Vista 1 - Salem 1
BOTTOM OF THE 2ND
Salem Sledgehammers batting - Pitching for Chula Vista Tacos : RHP Enrique Sánchez
Batting: SHB Júlio Salazar 0-0: Ball
1-0: Foul Ball, location: 2F
1-1: Ball
2-1: Foul Ball, location: 2F
2-2: Ground out 4-3 (Groundball, 4)
Batting: LHB Brent Alonzo 0-0: Swinging Strike
0-1: Ball
1-1: Ball
2-1: Ball
3-1: Base on Balls
Batting: RHB Fernando Pérez 0-0: Fly out, F6 (Popup, 6M)
Batting: RHB Ryan Cates 0-0: Swinging Strike
0-1: Ball
1-1: Ball
2-1: Called Strike
Brent Alonzo is caught stealing 2nd base
Bottom of the 2nd over - 0 run(s), 0 hit(s), 0 error(s), 0 left on base; Chula Vista 1 - Salem 1
TOP OF THE 3RD
Chula Vista Tacos batting - Pitching for Salem Sledgehammers : RHP José López
Batting: RHB Manuel Guerrero 0-0: SINGLE (Groundball, 56D)
Batting: SHB Brian Price 0-0: Swinging Strike
0-1: Grounds into double play, 4-6-3 (Groundball, 4)
Batting: SHB Adrián Nieto 0-0: Called Strike
0-1: Ball
1-1: Swinging Strike
1-2: Fly out, F9 (Flyball, 89M)
Top of the 3rd over - 0 run(s), 1 hit(s), 0 error(s), 0 left on base; Chula Vista 1 - Salem 1
BOTTOM OF THE 3RD
Salem Sledgehammers batting - Pitching for Chula Vista Tacos : RHP Enrique Sánchez
Batting: RHB Ryan Cates 0-0: Ground out 6-3 (Groundball, 6M)
Batting: RHB William Richardson 0-0: Ball
1-0: Ball
2-0: Ball
3-0: Called Strike
3-1: Swinging Strike
3-2: Foul Ball, location: 2F
3-2: Strikes out looking
Batting: RHB Brandon Pope 0-0: Ball
1-0: Called Strike
1-1: Fly out, F3 (Popup, 3D)
Bottom of the 3rd over - 0 run(s), 0 hit(s), 0 error(s), 0 left on base; Chula Vista 1 - Salem 1
TOP OF THE 4TH
Chula Vista Tacos batting - Pitching for Salem Sledgehammers : RHP José López
Batting: LHB Mario Olivares 0-0: Called Strike
0-1: Ball
1-1: SINGLE (Groundball, 23) (infield hit)
Batting: RHB Scott Green 0-0: Called Strike
0-1: Fly out, F7 (Popup, 6D)
Batting: RHB Doug Brown 0-0: Called Strike
0-1: Swinging Strike
0-2: SINGLE (Line Drive, 6)
Mario Olivares to second
Batting: RHB Tony Burns 0-0: Ball
1-0: Called Strike
1-1: Ground out 4-3 (Groundball, 4M)
Mario Olivares to third
Doug Brown to second
Batting: LHB José Torres 0-0: Called Strike
0-1: Ball
1-1: Foul Ball, location: 2F
1-2: Foul Ball, location: 2F
1-2: Ball
2-2: Strikes out looking
Top of the 4th over - 0 run(s), 2 hit(s), 0 error(s), 2 left on base; Chula Vista 1 - Salem 1
BOTTOM OF THE 4TH
Salem Sledgehammers batting - Pitching for Chula Vista Tacos : RHP Enrique Sánchez
Batting: SHB Lee Townsend 0-0: SINGLE (Groundball, 5D)
Batting: RHB Earnest Finnegan 0-0: Grounds into double play, 1-4-3 (Groundball, 25)
Batting: SHB Pepe Pińa 0-0: Swinging Strike
0-1: Foul Ball, location: 2F
0-2: Ball
1-2: Foul Ball, location: 2F
1-2: Ball
2-2: Ground out 3-1 (Groundball, 34)
Bottom of the 4th over - 0 run(s), 1 hit(s), 0 error(s), 0 left on base; Chula Vista 1 - Salem 1
TOP OF THE 5TH
Chula Vista Tacos batting - Pitching for Salem Sledgehammers : RHP José López
Batting: RHB Luis Martínez 0-0: Ball
1-0: Ball
2-0: Foul Ball, location: 2F
2-1: SINGLE (Groundball, 6M)
Batting: RHB Manuel Guerrero 0-0: Swinging Strike
0-1: Ball
1-1: Foul Ball, location: 2F
1-2: Strikes out swinging
Batting: SHB Brian Price Pickoff Throw to First - Out!
0-0: Called Strike
0-1: Foul Ball, location: 2F
0-2: Ball
1-2: Ball
2-2: Ball
3-2: Foul Ball, location: 2F
3-2: SINGLE (Groundball, 13) (infield hit)
Batting: SHB Adrián Nieto 0-0: Called Strike
0-1: Ball
1-1: Swinging Strike
1-2: Foul Ball, location: 2F
1-2: Ball
2-2: Strikes out swinging
Top of the 5th over - 0 run(s), 2 hit(s), 0 error(s), 1 left on base; Chula Vista 1 - Salem 1
BOTTOM OF THE 5TH
Salem Sledgehammers batting - Pitching for Chula Vista Tacos : RHP Enrique Sánchez
Batting: SHB Júlio Salazar 0-0: Called Strike
0-1: Ball
1-1: Ground out 4-3 (Groundball, 4)
Batting: LHB Brent Alonzo 0-0: Ball
1-0: Fly out, F8 (Flyball, 8LM)
Batting: RHB Fernando Pérez 0-0: Foul Ball, location: 2F
0-1: Ball
1-1: Called Strike
1-2: SINGLE (Groundball, 4MD)
Batting: RHB Ryan Cates 0-0: DOUBLE (Line Drive, 6MD)
Fernando Pérez to third
Runner from 3rd tries for Home, SAFE, no throw or cutoff
Batting: RHB William Richardson 0-0: Called Strike
0-1: Foul Ball, location: 2F
0-2: Strikes out swinging
Bottom of the 5th over - 1 run(s), 2 hit(s), 0 error(s), 1 left on base; Chula Vista 1 - Salem 2
TOP OF THE 6TH
Chula Vista Tacos batting - Pitching for Salem Sledgehammers : RHP José López
Batting: LHB Mario Olivares 0-0: Called Strike
0-1: Swinging Strike
0-2: Strikes out swinging
Batting: RHB Scott Green 0-0: Swinging Strike
0-1: Swinging Strike
0-2: Ball
1-2: Strikes out swinging
Batting: RHB Doug Brown 0-0: Ground out 5-3 (Groundball, 56)
Top of the 6th over - 0 run(s), 0 hit(s), 0 error(s), 0 left on base; Chula Vista 1 - Salem 2
BOTTOM OF THE 6TH
Salem Sledgehammers batting - Pitching for Chula Vista Tacos : RHP Enrique Sánchez
Batting: RHB Brandon Pope 0-0: Called Strike
0-1: Swinging Strike
0-2: Foul Ball, location: 2F
0-2: Ball
1-2: Ball
2-2: Ball
3-2: Strikes out looking
Batting: SHB Lee Townsend 0-0: Ball
1-0: Swinging Strike
1-1: Foul Ball, location: 2F
1-2: Strikes out looking
Batting: RHB Earnest Finnegan 0-0: Called Strike
0-1: Foul Ball, location: 2F
0-2: Ball
1-2: Strikes out swinging
Bottom of the 6th over - 0 run(s), 0 hit(s), 0 error(s), 0 left on base; Chula Vista 1 - Salem 2
TOP OF THE 7TH
Chula Vista Tacos batting - Pitching for Salem Sledgehammers : RHP José López
Batting: RHB Tony Burns 0-0: Swinging Strike
0-1: Foul Ball, location: 2F
0-2: Ball
1-2: Strikes out swinging
Batting: LHB José Torres 0-0: Called Strike
0-1: Foul Ball, location: 2F
0-2: Strikes out swinging
Batting: RHB Luis Martínez 0-0: Called Strike
0-1: Called Strike
0-2: Strikes out looking
Top of the 7th over - 0 run(s), 0 hit(s), 0 error(s), 0 left on base; Chula Vista 1 - Salem 2
BOTTOM OF THE 7TH
Salem Sledgehammers batting - Pitching for Chula Vista Tacos : RHP Enrique Sánchez
Batting: SHB Pepe Pińa 0-0: Ball
1-0: SINGLE (Flyball, 8RS)
Pitching: LHP Raymond Ritchie
Batting: SHB Júlio Salazar 0-0: Bunted foul
0-1: Bunted foul
0-2: Ball
1-2: SINGLE (Line Drive, 6M)
Pepe Pińa to second
Batting: LHB Brent Alonzo 0-0: Fly out, F1 (Popup, 13S)
Batting: RHB Fernando Pérez 0-0: Called Strike
0-1: Foul Ball, location: 2F
0-2: Ball
1-2: Strikes out swinging
Pinch Hitting: RHB B.J. Allen 0-0: Ball
1-0: Ball
2-0: Foul Ball, location: 2F
2-1: Foul Ball, location: 2F
2-2: Foul Ball, location: 2F
2-2: Ball
3-2: Ground out 1-3 (Groundball, 13S)
Bottom of the 7th over - 0 run(s), 2 hit(s), 0 error(s), 2 left on base; Chula Vista 1 - Salem 2
TOP OF THE 8TH
Chula Vista Tacos batting - Pitching for Salem Sledgehammers : RHP José López
Pitching: RHP Omar Camacho
Now at 3B: Dale Reeves
Batting: RHB Manuel Guerrero 0-0: Foul Ball, location: 2F
0-1: Ball
1-1: Swinging Strike
1-2: Ball
2-2: Foul Ball, location: 2F
2-2: Strikes out swinging
Pitching: LHP Nick Johnson
Batting: SHB Brian Price 0-0: Called Strike
0-1: SOLO HOME RUN (Flyball, 7LD), Distance : 391 ft
Batting: SHB Adrián Nieto 0-0: Ball
1-0: Ground out 4-3 (Groundball, 4)
Batting: LHB Mario Olivares 0-0: Swinging Strike
0-1: Foul Ball, location: 2F
0-2: Ball
1-2: Ground out 4-3 (Groundball, 4)
Top of the 8th over - 1 run(s), 1 hit(s), 0 error(s), 0 left on base; Chula Vista 2 - Salem 2
BOTTOM OF THE 8TH
Salem Sledgehammers batting - Pitching for Chula Vista Tacos : LHP Raymond Ritchie
Batting: RHB William Richardson 0-0: Ball
1-0: Called Strike
1-1: Foul Ball, location: 2F
1-2: Ball
2-2: Ground out 5-3 (Groundball, 5S)
Batting: RHB Brandon Pope 0-0: Ball
1-0: Fly out, F7 (Flyball, 7D)
Batting: SHB Lee Townsend 0-0: Ball
1-0: Ball
2-0: Called Strike
2-1: Fly out, F8 (Line Drive, 8LM)
Bottom of the 8th over - 0 run(s), 0 hit(s), 0 error(s), 0 left on base; Chula Vista 2 - Salem 2
TOP OF THE 9TH
Chula Vista Tacos batting - Pitching for Salem Sledgehammers : LHP Nick Johnson
Pitching: RHP Rick Haynes
Pinch Hitting: LHB Noriaki Sangi 0-0: Ball
1-0: Called Strike
1-1: Foul Ball, location: 2F
1-2: Ball
2-2: Strikes out swinging
Batting: RHB Doug Brown 0-0: Ball
1-0: Called Strike
1-1: Swinging Strike
1-2: Strikes out looking
Pinch Hitting: LHB Jaime Icaza 0-0: Foul Ball, location: 2F
0-1: Ball
1-1: Ball
2-1: TRIPLE (Line Drive, 9LM)
Batting: LHB José Torres 0-0: Called Strike
0-1: Swinging Strike
0-2: Foul Ball, location: 2F
0-2: Ball
1-2: Strikes out swinging
Top of the 9th over - 0 run(s), 1 hit(s), 0 error(s), 1 left on base; Chula Vista 2 - Salem 2
BOTTOM OF THE 9TH
Salem Sledgehammers batting - Pitching for Chula Vista Tacos : LHP Raymond Ritchie
Now at 2B: Jorge Collazo
Now in RF: Jaime Icaza
Batting: RHB Earnest Finnegan 0-0: Ball
1-0: Called Strike
1-1: Called Strike
1-2: Ball
2-2: Ball
3-2: Foul Ball, location: 2F
3-2: Base on Balls
Pinch Hitting: RHB Benjamin Lawson 0-0: Ball
1-0: Foul Ball, location: 2F
1-1: Foul Ball, location: 2F
1-2: Ball
2-2: DOUBLE (Groundball, 5L)
Earnest Finnegan to third
Batting: SHB Júlio Salazar 0-0: Called Strike
0-1: Ground out 6-3 (Groundball, 6)
Batting: LHB Brent Alonzo 0-0: Intentional Walk
Batting: RHB Fernando Pérez 0-0: Ball
1-0: Foul Ball, location: 2F
1-1: SINGLE (Groundball, 4)
Earnest Finnegan scores
This league is powered by Out of the Park Baseball, the baseball management simulation game for PC, Mac and Linux
Wednesday, December 2nd, 2015 - OOTP Baseball 16.8 Build 38